2724 views
Uploaded 2020-02-12 17:50:39
Game version 1.32 / 1.32.1
3:51 long 2on2 ladder game on (4)FurbolgMountain
Saved by iggythefisk
2724 views
Uploaded 2020-02-12 17:50:39
Game version 1.32 / 1.32.1
3:51 long 2on2 ladder game on (4)FurbolgMountain


/ 0k
10 buildings @ 1.7k
/ 0.5k
| Acolyte | 3 | 225 | / | 0 |
| Ghoul | 6 | 720 | / | 0 |
| total: | 9 | 945g | / | 0w |
| Crypt | 2 | 400 | / | 100 |
| Ziggurat | 2 | 300 | / | 100 |
| Altar of Darkness | 1 | 180 | / | 50 |
| total: | 5 | 880g | / | 250w |
| 0:06 | Acolyte |
| 0:06 | Acolyte |
| 0:11 | Crypt |
| 0:13 | Ziggurat |
| 0:27 | Acolyte |
| 0:45 | Crypt |
| 1:14 | Ghoul |
| 1:15 | Ghoul |
| 1:25 | Altar of Darkness |
| 1:38 | Ghoul |
| 1:53 | Ghoul |
| 2:11 | Ghoul |
| 2:12 | Ghoul |
| 2:36 | Ziggurat |
| Right click | 233 |
| Select | 70 |
| Build/train/purchase | 10 |
| Misc. action | 3 |
| Remove unit | 1 |

| Wisp | 15 | 900 | / | 0 |
| Archer | 3 | 390 | / | 30 |
| total: | 18 | 1290g | / | 30w |
| Moon Well | 2 | 360 | / | 80 |
| Altar of Elders | 1 | 180 | / | 50 |
| Ancient of War | 2 | 300 | / | 120 |
| total: | 5 | 840g | / | 250w |
| 0:03 | Wisp |
| 0:03 | Wisp |
| 0:10 | Moon Well |
| 0:12 | Wisp |
| 0:21 | Altar of Elders |
| 0:30 | Wisp |
| 0:38 | Ancient of War |
| 0:45 | Wisp |
| 0:52 | Wisp |
| 1:06 | Wisp |
| 1:14 | Wisp |
| 1:23 | Wisp |
| 1:40 | Ancient of War |
| 1:48 | Archer |
| 1:50 | Wisp |
| 1:57 | Wisp |
| 2:05 | Moon Well |
| 2:17 | Wisp |
| 2:17 | Wisp |
| 2:30 | Force of Nature |
| 2:59 | Archer |
| 3:14 | Wisp |
| 3:14 | Wisp |
| 3:32 | Archer |
| Select | 72 |
| Right click | 54 |
| Build/train/purchase | 20 |
| Select group | 11 |
| Assign group | 9 |
| Use ability | 5 |
| Misc. action | 3 |
| Remove unit | 2 |
/ 0.1k
15 buildings @ 1.8k
/ 0.5k

| Acolyte | 2 | 150 | / | 0 |
| Ghoul | 2 | 240 | / | 0 |
| Crypt Fiend | 3 | 645 | / | 120 |
| total: | 7 | 1035g | / | 120w |
| Nerubian Tower | 1 | 100 | / | 20 |
| Crypt | 1 | 200 | / | 50 |
| Altar of Darkness | 1 | 180 | / | 50 |
| Ziggurat | 2 | 300 | / | 100 |
| Graveyard | 1 | 215 | / | 0 |
| Tomb of Relics | 1 | 130 | / | 30 |
| Halls of the Dead | 1 | 320 | / | 210 |
| total: | 6 | 1025g | / | 230w |
| 0:01 | Acolyte |
| 0:06 | Crypt |
| 0:08 | Acolyte |
| 0:26 | Altar of Darkness |
| 0:33 | Ziggurat |
| 0:56 | Graveyard |
| 1:13 | Ziggurat |
| 1:23 | Ghoul |
| 1:36 | Ghoul |
| 1:49 | Tomb of Relics |
| 2:16 | Nerubian Tower |
| 2:24 | Death Coil |
| 2:45 | Crypt Fiend |
| 2:59 | Halls of the Dead |
| 3:20 | Crypt Fiend |
| 3:38 | Crypt Fiend |
| Assign group | 193 |
| Right click | 95 |
| Chat | 59 |
| Select group | 57 |
| Select | 41 |
| Build/train/purchase | 11 |
| Use ability | 3 |

| Peasant | 7 | 525 | / | 0 |
| Footman | 5 | 675 | / | 0 |
| total: | 12 | 1200g | / | 0w |
| Scout Tower | 3 | 90 | / | 60 |
| Arcane Tower | 2 | 140 | / | 100 |
| Altar of Kings | 1 | 180 | / | 50 |
| Farm | 3 | 240 | / | 60 |
| Barracks | 1 | 160 | / | 60 |
| Arcane Vault | 1 | 130 | / | 30 |
| Keep | 1 | 320 | / | 210 |
| total: | 9 | 800g | / | 260w |
| 0:00 | Peasant |
| 0:05 | Altar of Kings |
| 0:08 | Peasant |
| 0:16 | Farm |
| 0:18 | Barracks |
| 0:21 | Peasant |
| 0:40 | Peasant |
| 0:47 | Peasant |
| 0:53 | Farm |
| 1:16 | Peasant |
| 1:19 | Footman |
| 1:24 | Farm |
| 1:34 | Peasant |
| 1:43 | Footman |
| 2:04 | Summon Water Elemental |
| 2:08 | Footman |
| 2:38 | Footman |
| 2:48 | Keep |
| 3:10 | Scout Tower |
| 3:10 | Scout Tower |
| 3:19 | Footman |
| 3:36 | Arcane Vault |
| 3:37 | Arcane Tower |
| 3:38 | Arcane Tower |
| 3:47 | Scout Tower |
| Right click | 248 |
| Select | 110 |
| Select group | 36 |
| Assign group | 28 |
| Build/train/purchase | 25 |
| Minimap ping | 1 |
โ